Map: Incorporeal LE

Players

BigDaddyPlay

  • Race: Terran Terran
  • Spawn Location: 5:00

K.I.-1 (Sehr leicht) - Winner!

  • Race: Protoss Protoss
  • Spawn Location: 11:00

VOD

Have the link to the VOD?

Description

Time

  • Played on: July 26, 2025, 2:32 a.m.
  • Length: 8:45
Show
View Real Time Build Order
Export as new Build Order

BigDaddyPlay Terran 

Build Orders:  

Get SALT Encoding   

  6  0:00  SCV  
  13  0:12  SCV  
  14  0:16  Supply Depot  
  14  0:24  SCV  
  15  0:38  SCV  
  15  0:39  Barracks  
  16  0:43  Refinery  
  16  0:50  SCV  
  17  1:02  SCV  
  18  1:07  Barracks  
  18  1:12  Refinery  
  18  1:14  SCV  
  19  1:26  Reaper  
  19  1:29  Orbital Command  
  20  1:38  Supply Depot  
  20  1:54  SCV  
  20  1:55  Reaper  
  20  1:58  Reaper  
  23  2:06  SCV  
  24  2:09  Factory  
  24  2:18  SCV  
  25  2:24  Supply Depot  
  25  2:27  Reaper  
  26  2:30  SCV, Reaper  
  28  2:43  SCV  
  29  2:53  Command Center  
  29  2:59  Reaper  
  29  3:03  Reaper  
  29  3:05  Hellion  
  33  3:07  SCV  
  34  3:18  Starport  
  34  3:19  SCV  
  35  3:26  Factory Tech Lab, Supply Depot  
  35  3:31  SCV  
  35  3:32  Barracks Reactor  
  36  3:35  Barracks Tech Lab  
  36  3:43  SCV  
  36  3:48  Cyclone  
  40  3:54  Marine  
  40  3:55  Starport Reactor  
  41  3:56  SCV  
  42  4:07  Orbital Command  
  42  4:08  SCV, Refinery  
  43  4:11  Marine  
  43  4:12  Stimpack  
  43  4:15  Marine x2  
  46  4:20  SCV  
  47  4:31  Siege Tank  
  47  4:33  Marine x3  
  47  4:35  SCV  
  47  4:36  SCV  
  55  4:41  Supply Depot  
  55  4:46  Medivac  
  55  4:48  SCV x2  
  55  4:51  Marine x3  
  62  5:02  SCV x2  
  62  5:03  Supply Depot  
  62  5:06  Siege Tank  
  67  5:10  Marine  
  67  5:11  Marine x2  
  70  5:18  Supply Depot  
  70  5:22  Engineering Bay  
  70  5:24  SCV x2  
  70  5:25  Medivac  
  70  5:28  Marine  
  74  5:29  Marine  
  74  5:30  Marine  
  77  5:37  SCV  
  77  5:39  SCV, Siege Tank  
  82  5:46  Marine  
  82  5:47  Marine  
  82  5:48  Terran Infantry Weapons Level 1  
  82  5:49  SCV  
  85  5:51  SCV  
  85  5:55  Combat Shield  
  86  6:02  Supply Depot  
  86  6:05  Command Center  
  86  6:13  Supply Depot  
  86  6:18  Barracks  
  86  6:23  Marine, Medivac, Siege Tank, SCV x2  
  94  6:28  Supply Depot  
  94  6:35  Marine, SCV x2  
  94  6:36  Refinery  
  97  6:40  Supply Depot  
  97  6:41  Marine x2  
  97  6:42  Medivac  
  101  6:47  SCV  
  101  6:50  SCV  
  101  6:52  Marine  
  104  6:55  Barracks  
  104  6:56  Barracks  
  104  6:59  Marine, Armory  
  104  7:00  SCV  
  106  7:02  Marine  
  106  7:08  Siege Tank  
  110  7:10  SCV  
  110  7:12  SCV, Engineering Bay, Barracks Reactor  
  112  7:16  Medivac  
  112  7:19  Marine x2  
  112  7:20  Marine  
  117  7:23  SCV  
  117  7:27  SCV  
  119  7:34  Factory  
  119  7:37  Concussive Shells, Marine x2  
  119  7:38  Marine  
  119  7:39  SCV  
  119  7:40  Orbital Command  
  119  7:42  Barracks Reactor  
  119  7:43  Barracks Reactor  
  123  7:45  SCV  
  123  7:49  Marine x2  
  126  7:55  Marine x2, Siege Tank  
  126  7:58  SCV  
  132  8:02  Supply Depot x2  
  132  8:06  SCV  
  133  8:17  Supply Depot  
  133  8:18  Factory Tech Lab  
  133  8:19  Supply Depot  
  133  8:23  Marine x4, SCV x2  
  139  8:28  Command Center  
  139  8:30  Supply Depot  
Show
View Real Time Build Order
Export as new Build Order

K.I.-1 (Sehr leicht) Protoss - Winner!

Build Orders:  

Get SALT Encoding   

  6  0:00  Probe  
  13  0:13  Probe  
  14  0:20  Pylon  
  14  0:36  Assimilator  
  14  0:42  Gateway  
  14  0:46  Pylon  
  14  1:13  Assimilator  
  14  1:15  Probe  
  14  1:23  Probe  
  15  1:31  Probe  
  16  1:33  Cybernetics Core  
  17  1:42  Probe  
  19  1:54  Probe  
  19  1:59  Warp Gate  
  19  2:02  Probe  
  19  2:06  Stalker  
  22  5:37  Zealot  
  22  5:39  Probe  
  22  5:41  Pylon  
  25  5:44  Robotics Facility  
  25  5:47  Probe  
  25  5:55  Probe  
  27  6:05  Probe  
  26  6:12  Pylon  
  26  6:15  Probe  
  27  6:23  Probe  
  27  6:30  Zealot  
  30  6:32  Observer  
  30  6:50  Observer  
  31  7:04  Nexus  
  31  7:23  Stalker  
  33  8:15  Probe  
  34  8:23  Probe  
  35  8:27  Assimilator  
  35  8:28  Probe  
  35  8:30  Assimilator  
Tags
 
Add a new tag
Caveats
  • Supply blocks, unpowered buildings, or Contaminate may cause inaccurate times.
  • Supply counts are checked every 10 seconds.